 Dungeon Crawl Stone Soup version 0.22.1-1-ga44c0e56f4 (webtiles) character file.

1369 Nixze the Magician (level 8, -4/41 HPs)
             Began as a Deep Elf Ice Elementalist on Nov 2, 2018.
             Was a Believer of Sif Muna.
             Slain by an orc warrior
             ... wielding a +0 halberd
              (15 damage)
             ... in a bailey.
             The game lasted 00:30:48 (7580 turns).

Nixze the Magician (Deep Elf Ice Elementalist)      Turns: 7580, Time: 00:30:48

Health: -4/41      AC:  5    Str:  5    XL:     8   Next: 38%
Magic:  11/21      EV: 13    Int: 23    God:    Sif Muna [**....]
Gold:   450        SH:  0    Dex: 15    Spells: 7/21 levels left

rFire    x . .     SeeInvis .   w - +0 dagger (holy)
rCold    + . .     Gourm    .   (no shield)
rNeg     . . .     Faith    .   a - +1 robe
rPois    .         Spirit   .   x - +0 hat "Bumuog" {*Drain +Fly Regen+}
rElec    .         Reflect  .   v - +0 cloak
rCorr    .         Harm     .   (no gloves)
MR       +....                  H - +0 pair of boots (curse)
Stlth    ++........             (no amulet)
HPRegen  0.53/turn              j - ring of ice
MPRegen  0.17/turn              p - ring of protection from magic

@: divine energy
A: no striking features
a: Stop Divine Energy, Renounce Religion, Evoke Flight


You were in a bailey.
You worshipped Sif Muna.
Sif Muna was pleased with you.
You were not hungry.

You visited 2 branches of the dungeon, and saw 8 of its levels.
You also visited: Bailey.

You collected 576 gold pieces.
You spent 126 gold pieces at shops.

Inventory:

Hand Weapons
 w - a +0 dagger of holy wrath (weapon)
Armour
 a - a +1 robe (worn)
 v - a +0 cloak (worn)
 x - the +0 hat "Bumuog" (worn) {*Drain +Fly Regen+}
   (You found it on level 4 of the Dungeon)

   It lets you fly.
   It increases your rate of regeneration.
   It causes draining when unequipped.
 H - a cursed +0 pair of boots (worn)
Jewellery
 j - a ring of ice (left hand)
 p - a ring of protection from magic (right hand)
 r - an uncursed ring of resist corrosion
 C - a +1 ring of protection
Wands
 h - a wand of random effects (17)
 A - a wand of flame (36)
 G - a wand of iceblast (5)
Scrolls
 b - 2 scrolls of enchant armour
 f - a scroll of identify
 i - a scroll of noise {unknown}
 k - 5 scrolls of teleportation
 l - 2 scrolls of fog
 o - 6 scrolls of remove curse
 y - a scroll of magic mapping {unknown}
 F - a scroll of fear {unknown}
Potions
 d - 2 potions of mutation
 e - a potion of agility
 g - 5 potions of heal wounds
 m - 4 potions of curing
 n - 2 potions of might
 q - 2 potions of lignification
 s - 2 potions of invisibility {unknown}
 z - a potion of brilliance
 B - a potion of flight {unknown}
 D - 2 potions of berserk rage {unknown}
 E - 2 potions of resistance {unknown}
Comestibles
 c - 6 rations


   Skills:
 - Level 2.4 Dodging
 - Level 2.4 Stealth
 + Level 7.4 Spellcasting
 - Level 5.0 Conjurations
 - Level 5.0 Charms
 - Level 4.0 Summonings
 + Level 6.7 Ice Magic


You had 7 spell levels left.
You knew the following spells:

 Your Spells              Type           Power        Failure   Level  Hunger
a - Freeze                Ice            ####         1%          1    None
b - Throw Frost           Conj/Ice       ######       1%          2    None
c - Ozocubu's Armour      Chrm/Ice       ######..     1%          3    None
d - Throw Icicle          Conj/Ice       ######..     6%          4    ###....
e - Summon Ice Beast      Ice/Summ       #####...     9%          4    ###....

Your spell library contained the following spells:

 Spells                   Type           Power        Failure   Level  Hunger


Dungeon Overview and Level Annotations

Branches:
Dungeon (7/15)             Temple (1/1) D:4

Altars:
Ashenzari
Cheibriados
Dithmenos
Fedhas
Gozag
Hepliaklqana
Kikubaaqudgha
Makhleb
Nemelex Xobeh
Okawaru
Qazlal
Ru
Sif Muna
Trog
Uskayaw
Vehumet
Wu Jian
Xom
Yredelemnul
Zin
The Shining One

Shops:
D:5 ?


Message History

Casting: Summon Ice Beast (safe; 9% risk of failure)
Confirm with . or Enter, or press ? or * to list all spells.
Aiming: Throw Icicle (safe; 6% risk of failure)
Press: ? - help, Shift-Dir - straight line, f - orc warrior, p - orc knight
Aim: an orc warrior, wielding a halberd and wearing a chain mail (moderately You feel a surge of power!
Really fire in your ice beast's direction?
Okay, then.
Casting: Throw Icicle (safe; 6% risk of failure)
Confirm with . or Enter, or press ? or * to list all spells.
Okay, then.
Your ice beast hits the orc knight.
Your ice beast freezes the orc knight!
The orc closely misses your ice beast.
The orc warrior hits you with a halberd!
* * * LOW HITPOINT WARNING * * *
Your ice beast hits the orc knight but does no damage.
Your ice beast barely misses the orc knight.
The orc knight barely misses your ice beast.
The orc warrior hits you from afar with a halberd!
You die...

#...#
#...#
#oo.#
###o###
##.oY..##
#..Y....#
#..Yo...#
#.......#
#..@....#
#..)))).#
#.).)...#
#...)...#
#.......#
#∩.....∩#
#.......#
##..∩..##
#######


You could see an orc knight, 2 orc warriors, an orc and 3 friendly ice beasts.

Vanquished Creatures
  4 ogres
  A scorpion (D:6)
  A howler monkey (D:5)
  A jelly (D:6)
  A crimson imp (D:6)
  A bullfrog skeleton (D:4)
  4 orc wizards
  An iguana (D:4)
  5 worker ants
  2 hound zombies
  A hound skeleton (D:4)
  A worker ant zombie (D:6)
  6 adders
  An ooze (D:4)
  2 worms
  3 dart slugs
  16 orcs
  A ball python (D:2)
  3 giant cockroaches
  5 hobgoblins
  8 jackals (D:3)
  3 kobolds
  4 quokkas
  7 bats
  A frilled lizard (D:1)
  10 goblins
  A jackal skeleton (D:5)
  A quokka skeleton (D:7)
  8 rats
103 creatures vanquished.

Vanquished Creatures (collateral kills)
  2 orc warriors (Bailey)
  A phantom (D:5)
  2 centaurs
  2 water moccasin zombies
  A quasit (D:6)
  A hound (D:7)
  A worker ant (D:7)
  26 orcs
36 creatures vanquished.

Vanquished Creatures (others)
  An adder (D:4)
1 creature vanquished.

Grand Total: 140 creatures vanquished

Notes
Turn   | Place    | Note
-------+----------+-------------------------------------------
     0 | D:1      | Nixze the Deep Elf Ice Elementalist began the quest for the
                  | Orb.
     0 | D:1      | Reached XP level 1. HP: 10/10 MP: 6/6
   330 | D:1      | Reached XP level 2. HP: 7/15 MP: 3/8
   486 | D:1      | Learned a level 2 spell: Throw Frost
  1074 | D:2      | Reached skill level 4 in Spellcasting
  1074 | D:2      | Reached XP level 3. HP: 19/19 MP: 3/10
  1242 | D:2      | Learned a level 3 spell: Ozocubu's Armour
  1542 | D:2      | You fall through a shaft!
  1754 | D:4      | Reached XP level 4. HP: 17/24 MP: 9/12
  2518 | D:3      | Learned a level 4 spell: Throw Icicle
  2721 | D:3      | Reached skill level 1 in Charms
  2721 | D:3      | Reached XP level 5. HP: 28/28 MP: 9/14
  2877 | D:4      | Noticed an ogre
  2985 | D:4      | Killed an ogre
  2985 | D:4      | Reached skill level 5 in Spellcasting
  3052 | D:4      | Found a staircase to the Ecumenical Temple.
  3079 | Temple   | Entered the Ecumenical Temple
  3089 | Temple   | Became a worshipper of Sif Muna the Loreminder
  3369 | D:4      | Learned a level 4 spell: Summon Ice Beast
  3398 | D:4      | Reached skill level 5 in Ice Magic
  3398 | D:4      | Reached XP level 6. HP: 32/32 MP: 5/16
  3726 | D:4      | Reached skill level 1 in Summonings
  4137 | D:4      | Got a brightly glowing hat
  4143 | D:4      | Identified the +0 hat "Bumuog" {*Drain +Fly Regen+} (You
                  | found it on level 4 of the Dungeon)
  4648 | D:5      | Entered Level 5 of the Dungeon
  4651 | D:5      | Reached XP level 7. HP: 36/36 MP: 11/17
  4790 | D:5      | Reached skill level 6 in Spellcasting
  5032 | D:5      | Reached * piety under Sif Muna
  5662 | D:5      | Found Okkage's Magic Scroll Emporium.
  5666 | D:5      | Bought a scroll of identify for 28 gold pieces
  5666 | D:5      | Bought a scroll of identify for 28 gold pieces
  5666 | D:5      | Bought a scroll of teleportation for 42 gold pieces
  5666 | D:5      | Bought a scroll of identify for 28 gold pieces
  5838 | D:6      | Reached skill level 5 in Charms
  6226 | D:6      | Reached XP level 8. HP: 41/41 MP: 10/20
  6555 | D:6      | Reached skill level 5 in Conjurations
  6778 | D:6      | Reached skill level 7 in Spellcasting
  7073 | D:7      | Found a flagged portal.
  7080 | Bailey   | Entered a bailey
  7089 | Bailey   | Reached ** piety under Sif Muna
  7500 | Bailey   | Noticed an orc knight
  7580 | Bailey   | Slain by an orc warrior

Skill      XL: |  1  2  3  4  5  6  7  8 |
---------------+-------------------------+-----
Spellcasting   | 4 5 6 7 |  7.4
Ice Magic      | 4 5 6 |  6.7
Conjurations   | 2 3 4 5 |  5.0
Charms         | 1 2 3 5 |  5.0
Summonings     | 1 3 4 |  4.0
Dodging        | |  2.4
Stealth        | |  2.4

Action                   |  1- 3 |  4- 6 |  7- 9 || total
-------------------------+-------+-------+-------++-------
Melee: Dagger            |       |     4 |    25 ||    29
 Cast: Freeze            |    28 |    26 |    21 ||    75
       Throw Frost       |    35 |    34 |    48 ||   117
       Throw Icicle      |       |     9 |    15 ||    24
       Summon Ice Beast  |       |       |    32 ||    32
Invok: Divine Energy     |       |       |     1 ||     1
Evoke: Wand              |       |       |     2 ||     2
  Use: Scroll            |       |     6 |    11 ||    17
       Potion            |       |       |     4 ||     4
  Eat: Chunk             |     3 |    10 |     9 ||    22
       Ration            |       |       |     2 ||     2
Armor: Robe              |     3 |     2 |    10 ||    15
Dodge: Dodged            |    19 |    20 |    51 ||    90
